 Dungeon Crawl Stone Soup version 0.23-a0-139-ga22e90c45f (webtiles) character file.

14532 MirrMurr the Carver (level 11, -6/130 HPs)
             Began as a Demonspawn Berserker on Aug 30, 2018.
             Was a High Priest of Trog.
             Mangled by P0WERM0DE's ghost (19 damage)
             ... on level 10 of the Dungeon.
             The game lasted 00:29:34 (15272 turns).

MirrMurr the Carver (Demonspawn Berserker)         Turns: 15272, Time: 00:29:35

Health: -6/130     AC: 13    Str: 26    XL:     11   Next: 89%
Magic:  11/11      EV: 11    Int:  9    God:    Trog [*****.]
Gold:   685        SH: 16    Dex: 12    Spells: 10/10 levels left

rFire    . . .     SeeInvis .   a - +0 scimitar
rCold    . . .     Gourm    .   H - +0 large shield
rNeg     . . .     Faith    .   C - +0 plate armour
rPois    +         Spirit   .   (helmet restricted)
rElec    .         Reflect  .   (no cloak)
rCorr    .         Harm     .   (no gloves)
MR       ++...                  (no boots)
Stlth    ..........             (no amulet)
HPRegen  1.31/turn              o - ring of poison resistance
MPRegen  0.12/turn              (no ring)

@: mighty, berserking (expiring), regenerating, repel missiles, very quick
A: antennae 2, repulsion field 3, powered by pain 1
a: Berserk, Trog's Hand, Brothers in Arms, Renounce Religion


You were on level 10 of the Dungeon.
You worshipped Trog.
Trog was extremely pleased with you.
You were near starving.

You visited 1 branch of the dungeon, and saw 10 of its levels.
You also visited: Ossuary.

You collected 685 gold pieces.

Inventory:

Hand Weapons
 a - a +0 scimitar (weapon)
 b - a +2 hand crossbow of freezing
 q - a +0 blowgun
 D - a +0 hunting sling
Missiles
 e - 92 sling bullets
 i - a throwing net {!f}
 k - 237 stones (quivered)
 x - 55 poisoned needles
 E - 97 bolts
Armour
 C - a +0 plate armour (worn)
 H - a +0 large shield (worn)
Jewellery
 o - a ring of poison resistance (left hand)
 G - the ring of Mueniec {Fire *Drain rPois Dex+7 Stlth+}
   (You found it on level 8 of the Dungeon)

   [ring of fire]

   It enhances your fire magic.
   It affects your dexterity (+7).
   It protects you from fire.
   It makes you vulnerable to cold.
   It protects you from poison.
   It causes draining when unequipped.
   It makes you more stealthy.
Wands
 g - a wand of polymorph (19)
 t - a wand of scattershot (5)
 y - a wand of paralysis (34)
 z - a wand of iceblast (9)
 A - a wand of flame (50)
 B - a wand of acid (6)
Scrolls
 f - 5 scrolls of teleportation
 j - 3 scrolls of blinking
 m - a scroll of fear
 n - 3 scrolls of enchant armour
Potions
 d - 2 potions of ambrosia
 h - a potion of resistance {unknown}
 p - 6 potions of might
 r - 3 potions of heal wounds
 s - a potion of lignification
 u - 2 potions of berserk rage
 v - a potion of flight {unknown}
 w - a potion of agility
 F - 4 potions of curing
 I - 3 potions of haste
Comestibles
 c - 15 rations
 l - 4 chunks of flesh


   Skills:
 + Level 8.7 Fighting
 * Level 10.9 Long Blades
 + Level 7.6 Armour
 + Level 7.7 Dodging
 + Level 6.3 Shields


You had 10 spell levels left.
You didn't know any spells.
Your spell library was empty.

Dungeon Overview and Level Annotations

Branches:
Dungeon (10/15)            Temple (0/1) D:7            Lair (0/6) D:10
    Orc (0/2) D:9

Altars:
Cheibriados
Elyvilon
Fedhas
Gozag
Kikubaaqudgha
Makhleb
Okawaru
Qazlal
Ru
Trog
Uskayaw
Beogh

Annotations:
D:5 3 runed doors, P0WERM0DE's ghost, amateur DDFi
D:10 P0WERM0DE's ghost, novice DDFi


Innate Abilities, Weirdness & Mutations

You have a pair of antennae on your head.
You are surrounded by a strong repulsion field. (EV +4, RMsl)
You sometimes gain a little power by taking damage.


Message History

P0WERM0DE's ghost is heavily damaged.
P0WERM0DE's ghost completely misses you.
You block the orc warrior's attack.
You hit P0WERM0DE's ghost but do no damage.
P0WERM0DE's ghost is heavily damaged.
Your shield and plate armour prevent you from hitting P0WERM0DE's ghost.
P0WERM0DE's ghost is heavily damaged.
You block P0WERM0DE's ghost's attack.
The orc warrior hits you from afar with a halberd!!
* * * LOW HITPOINT WARNING * * *
You slash P0WERM0DE's ghost!
P0WERM0DE's ghost is severely damaged.
You block P0WERM0DE's ghost's attack.
You barely miss P0WERM0DE's ghost.
P0WERM0DE's ghost is severely damaged.
You block the orc warrior's attack.
You closely miss P0WERM0DE's ghost.
P0WERM0DE's ghost is severely damaged.
P0WERM0DE's ghost hits you!!
You die...

##.#.##..........##
#.
###..############
## ##### #### ###
#### #..# #..# #.#
#..# #..# #..# #.#
#..# #..# #..# #.#
#..# #..# #..# #.#
#..# #..# #..# #.#
#..# #..# #..# #@#
#..# #..# #..# #W#
#..# ###..#
#..#####o# #..#
.....# #.....{oo#
#..# .....#
#......oo# #..#
###..####..#####o#
#..# #........# #o#
#..# #........# #o#
#..#### #........#
#)# #......


You could see 2 orc warriors, an orc priest, P0WERM0DE's ghost and 5 orcs.

Vanquished Creatures
  5 two-headed ogres
  A komodo dragon (D:10)
  A merfolk (D:9)
  2 trolls (D:10)
  A hornet (D:9)
  2 hippogriffs
  Sigmund (D:5)
  A basilisk (D:10)
  A wyvern (D:10)
  17 yaks
  Edmund (D:5)
  2 hungry ghosts
  Menkaure (D:6)
  A water moccasin (D:10)
  An acid dragon (D:10)
  A swamp drake (D:9)
  4 orc warriors
  4 sky beasts
  3 ice beasts
  3 phantoms
  5 centaurs
  7 ogres
  4 crocodiles (D:10)
  3 big kobolds
  7 bullfrogs
  A gnoll sergeant (D:8)
  2 wyvern skeletons
  4 scorpions
  9 killer bees
  3 howler monkeys
  11 wights
  2 centaur zombies
  3 crimson imps
  3 jellies (D:10)
  5 hounds
  4 orc priests
  3 centaur skeletons
  6 orc wizards
  2 bullfrog skeletons
  An iguana (D:9)
  5 worker ants
  A killer bee zombie (D:7)
  A hound zombie (D:10)
  8 mummies (Ossuary)
  Robin (D:3)
  12 adders
  4 gnolls
  2 shadow imps
  An ooze (D:3)
  3 worms
  3 dart slugs
  6 leopard geckos
  37 orcs
  A ball python (D:2)
  9 bats
  2 giant cockroaches
  11 goblins
  8 hobgoblins
  13 jackals
  6 quokkas
  5 frilled lizards
  2 gnoll zombies (Ossuary)
  2 hobgoblin zombies (Ossuary)
  A jackal skeleton (D:4)
  20 kobolds
  4 kobold zombies (Ossuary)
  A leopard gecko skeleton (D:6)
  A leopard gecko zombie (D:5)
  A quokka skeleton (D:4)
  8 rats
317 creatures vanquished.

Notes
Turn   | Place    | Note
-------+----------+-------------------------------------------
     0 | D:1      | MirrMurr the Demonspawn Berserker began the quest for the
                  | Orb.
     0 | D:1      | Reached XP level 1. HP: 18/18 MP: 1/1
    57 | D:1      | Gained mutation: You have a pair of small antennae on your
                  | head. [demonic ancestry]
    57 | D:1      | Reached XP level 2. HP: 24/24 MP: 2/2
   224 | D:1      | Reached skill level 3 in Long Blades
   618 | D:1      | Gained mutation: You have a pair of antennae on your head.
                  | [demonic ancestry]
   618 | D:1      | Reached XP level 3. HP: 26/29 MP: 3/3
   838 | D:2      | Reached ** piety under Trog
  1013 | D:2      | HP: 1/29 [leopard gecko (2)]
  1204 | D:2      | Found a hide-covered altar of Uskayaw.
  1480 | D:3      | Found an iron altar of Okawaru.
  1492 | D:3      | Reached XP level 4. HP: 24/35 MP: 4/4
  2081 | D:3      | Found a bloodstained altar of Trog.
  2237 | D:3      | Found an ancient bone altar of Kikubaaqudgha.
  2437 | D:3      | Noticed Robin
  2455 | D:3      | Gained mutation: You are surrounded by a mild repulsion
                  | field. (EV +2) [demonic ancestry]
  2455 | D:3      | Reached XP level 5. HP: 25/41 MP: 5/5
  2467 | D:3      | Killed Robin
  2777 | D:3      | Reached skill level 4 in Long Blades
  2911 | D:3      | Found a stormy altar of Qazlal.
  3087 | D:4      | Found an opulent altar of Gozag.
  3423 | D:4      | Reached XP level 6. HP: 37/48 MP: 6/6
  4242 | D:4      | Reached skill level 5 in Long Blades
  4242 | D:4      | Reached XP level 7. HP: 29/55 MP: 7/7
  5247 | D:5      | Entered Level 5 of the Dungeon
  5251 | D:5      | Noticed Edmund
  5274 | D:5      | Killed Edmund
  5465 | D:5      | Found a burning altar of Makhleb.
  5502 | D:5      | Found a runed gate.
  5502 | D:5      | Noticed P0WERM0DE's ghost (amateur DDFi)
  5503 | D:5      | Found a runed gate.
  5507 | D:5      | Found a runed gate.
  5659 | D:5      | Found a sand-covered staircase.
  5667 | Ossuary  | Entered an ossuary
  5694 | Ossuary  | Reached *** piety under Trog
  6098 | Ossuary  | Reached skill level 5 in Fighting
  6113 | Ossuary  | Gained mutation: You are surrounded by a moderate repulsion
                  | field. (EV +3) [demonic ancestry]
  6113 | Ossuary  | Reached XP level 8. HP: 30/62 MP: 8/8
  6119 | Ossuary  | Reached skill level 6 in Long Blades
  6726 | D:5      | Noticed Sigmund
  6735 | D:5      | Reached skill level 1 in Shields
  6745 | D:5      | Killed Sigmund
  7419 | D:5      | Found a roughly hewn altar of Beogh.
  7554 | D:6      | HP: 3/64 [wyvern skeleton (3)]
  7555 | D:6      | HP: 1/64 [wyvern skeleton (2)]
  7559 | D:6      | Reached skill level 7 in Long Blades
  7628 | D:6      | Noticed Menkaure
  7853 | D:6      | Killed Menkaure
  7853 | D:6      | Reached skill level 5 in Dodging
  7853 | D:6      | Reached XP level 9. HP: 47/69 MP: 9/9
  7940 | D:6      | Reached skill level 5 in Armour
  8894 | D:7      | Reached **** piety under Trog
  9283 | D:7      | Reached skill level 8 in Long Blades
  9323 | D:7      | Found a staircase to the Ecumenical Temple.
  9465 | D:7      | Found a blossoming altar of Fedhas.
  9465 | D:7      | Found a snail-covered altar of Cheibriados.
  9470 | D:7      | Found a faded altar of an unknown god.
  9472 | D:7      | Found a sacrificial altar of Ru.
  9473 | D:7      | Found a faded altar of an unknown god.
 10179 | D:8      | Noticed a two-headed ogre
 10225 | D:8      | Killed a two-headed ogre
 10225 | D:8      | Gained mutation: You are surrounded by a strong repulsion
                  | field. (EV +4, RMsl) [demonic ancestry]
 10225 | D:8      | Reached XP level 10. HP: 77/77 MP: 10/10
 10794 | D:8      | Got a flickering bone ring
 10795 | D:8      | Identified the ring of Mueniec {Fire *Drain rPois Dex+7
                  | Stlth+} (You found it on level 8 of the Dungeon)
 10836 | D:8      | Reached ***** piety under Trog
 10937 | D:8      | Noticed a two-headed ogre
 10993 | D:8      | Reached skill level 9 in Long Blades
 11001 | D:8      | Killed a two-headed ogre
 11382 | D:9      | Found a white marble altar of Elyvilon.
 11382 | D:9      | Noticed a two-headed ogre
 11401 | D:9      | Killed a two-headed ogre
 11771 | D:9      | Reached skill level 5 in Shields
 12175 | D:9      | Gained mutation: You sometimes gain a little power by
                  | taking damage. [demonic ancestry]
 12175 | D:9      | Reached XP level 11. HP: 85/85 MP: 11/11
 12278 | D:9      | Noticed a two-headed ogre
 12290 | D:9      | Killed a two-headed ogre
 12563 | D:9      | Noticed a two-headed ogre
 12694 | D:9      | Killed a two-headed ogre
 12694 | D:9      | Reached skill level 10 in Long Blades
 12889 | D:9      | Found a staircase to the Orcish Mines.
 13027 | D:10     | Entered Level 10 of the Dungeon
 13078 | D:10     | Paralysed by a hornet for 1 turns
 13362 | D:10     | Got a pair of spiked gloves
 13368 | D:10     | Identified the +4 pair of gloves of Ruxtet {*Corrode rF-
                  | rC+ Str+4} (You found it on level 10 of the Dungeon)
 13983 | D:10     | Received a gift from Trog
 14435 | D:10     | Found a runed gate.
 14435 | D:10     | Found a runed gate.
 14437 | D:10     | Found a runed gate.
 14437 | D:10     | Noticed P0WERM0DE's ghost (novice DDFi)
 14534 | D:10     | Found a staircase to the Lair.
 15187 | D:10     | Found a roughly hewn altar of Beogh.
 15272 | D:10     | Mangled by P0WERM0DE's ghost

Vault maps used:
D:1:      dpeg_arrival_tiny_h, hex_tiny
D:2:      eat_drink_and_be_merry_uskayaw, serial_bayou_ford_a
D:3:      lemuel_crystal_altar, okawaru_metal_pillars_1_2,
          nicolae_overflow_crystal_walls, nicolae_qazlal_eye_of_the_storm,
          uniq_robin
D:4:      grunt_gozag_breadcrumbs, first_ration, columned_hall_lemuel,
          grunt_ministairs_10
D:5:      bloody_makhleb, nicolae_overflow_hidden_temple,
          chequers_ossuary_entry_cave, biasface_ghost_orc_armoury, uniq_edmund,
          uniq_sigmund
D:6:      uniq_menkaure
D:7:      chequers_temple_overflow_minitemple, minmay_temple_entry_mist
D:9:      elyvilon_altar_5, erik_orc_1, hangedman_fish_farm
D:10:     cheibrodos_barr_body, erik_lair_dragon, biasface_ghost_orc_armoury,
          minmay_misc_feat_doors
Ossuary:  ossuary_tomb_3

Skill      XL: |  1  2  3  4  5  6  7  8  9 10 11 |
---------------+----------------------------------+-----
Armour         | 2 3 4 6 7 |  7.6
Long Blades    | 3 4 5 7 8 9 10 | 10.9
Dodging        | 2 3 4 5 6 7 |  7.7
Fighting       | 4 5 6 7 8 |  8.7
Shields        | 2 4 5 6 |  6.3

Action                   |  1- 3 |  4- 6 |  7- 9 | 10-12 || total
-------------------------+-------+-------+-------+-------++-------
Melee: Falchion          |   155 |   223 |   365 |       ||   743
       Long sword        |       |       |   287 |   517 ||   804
       Scimitar          |       |       |       |   269 ||   269
 Fire: Hunting sling     |       |       |       |    28 ||    28
       Hand crossbow     |       |       |       |    23 ||    23
Throw: Stone             |     7 |       |       |       ||     7
Invok: Berserk           |       |     1 |    12 |     9 ||    22
       Trog's Hand       |       |       |     1 |     5 ||     6
  Use: Potion            |     2 |     2 |     1 |     2 ||     7
       Scroll            |       |     6 |     6 |     8 ||    20
  Eat: Chunk             |     2 |     2 |    20 |    27 ||    51
       Ration            |       |     2 |     4 |     1 ||     7
Armor: Animal skin       |     3 |       |       |       ||     3
       Ring mail         |    59 |    54 |    50 |       ||   163
       Plate armour      |       |       |   195 |   234 ||   429
Dodge: Dodged            |   115 |   138 |   184 |   237 ||   674
       Deflected         |       |       |       |     4 ||     4
Block: Large shield      |       |       |   398 |   655 ||  1053
       Rpst.: Falchion   |    38 |    41 |    32 |       ||   111
       Long sword        |       |       |    27 |    50 ||    77
       Scimitar          |       |       |       |    15 ||    15

Table legend:
 A = Non-vault XP
 B = Vault XP
 C = Vault XP percentage of total XP
 D = Non-vault monster count
 E = Vault monster count
 F = Vault count percentage of total count
                 A         B        C        D         E       F
            +---------+---------+-------+---------+---------+-------
      Total |   16268 |    4492 |  21.6 |     253 |      64 |  20.2
            +---------+---------+-------+---------+---------+-------
        D:1 |      55 |       0 |   0.0 |      25 |       0 |   0.0
        D:2 |      31 |       0 |   0.0 |      16 |       0 |   0.0
        D:3 |     114 |      34 |  23.0 |      22 |      10 |  31.2
        D:4 |     878 |       0 |   0.0 |      22 |       0 |   0.0
        D:5 |     499 |     405 |  44.8 |      12 |       2 |  14.3
        D:6 |    1609 |     172 |   9.7 |      28 |       1 |   3.4
        D:7 |    1119 |       0 |   0.0 |      22 |       0 |   0.0
        D:8 |    3613 |       0 |   0.0 |      40 |       0 |   0.0
        D:9 |    5290 |     886 |  14.3 |      31 |      18 |  36.7
       D:10 |    3060 |    2844 |  48.2 |      35 |      17 |  32.7
    Ossuary |       0 |     151 | 100.0 |       0 |      16 | 100.0
            +---------+---------+-------+---------+---------+-------
